[Event "*** Titled Tuesday Blitz"]
[Site "Chess.com"]
[Date "2020.11.24"]
[Round "8"]
[White "louis198"]
[Black "AsaHoffmann"]
[Result "1-0"]
[WhiteElo "2548"]
[BlackElo "2394"]
[TimeControl "180+1"]
[EndTime "11:45:20 PST"]
[Termination "louis198 won by resignation"]

1. d4 Nf6 2. c4 c5 3. e3 g6 4. Nc3 Bg7 5. Nf3 O-O 6. Be2 b6 7. O-O Bb7 8. h3 e6 9. a3 d5 10. dxc5 bxc5 11. cxd5 exd5 12. Na4 Nbd7 13. Qb3 Rb8 14. Qc2 Qe7 15. Rd1 Rfd8 16. Bd2 Ne4 17. Ba5 Rdc8 18. Rab1 Bc6 19. Ba6 Re8 20. Nc3 Nb6 21. Nxe4 dxe4 22. Nd2 Be5 23. Bc3 Nd5 24. Bxe5 Qxe5 25. Qxc5 Re6 26. Bf1 Rf6 27. Nc4 Qf5 28. Rd2 a6 29. Nd6 Qd7 30. Nxe4 Re6 31. Nc3 Rd8 32.
Rbd1 Re5 33. e4 Rg5 34. exd5 Ba4 35. Nxa4 Qxa4 36. Qc6 1-0

[Event "*** Titled Tuesday Blitz"]
[Site "Chess.com"]
[Date "2020.11.24"]
[Round "8"]
[White "Slovak_fighter2000"]
[Black "YoungMegaMind"]
[Result "1-0"]
[WhiteElo "2470"]
[BlackElo "2300"]
[TimeControl "180+1"]
[EndTime "11:45:20 PST"]
[Termination "Slovak_fighter2000 won by resignation"]

1. d4 Nf6 2. Nf3 e6 3. Bf4 b6 4. e3 Bb7 5. Nbd2 d6 6. a4 a6 7. Be2 Nbd7 8. O-O g6 9. h3 Bg7 10.
Bh2 O-O 11. c4 Rb8 12. a5 bxa5 13. Rxa5 Bxf3 14. Nxf3 Rxb2 15. Rxa6 Ne4 16. Bd3 f5 17. Bxe4 fxe4 18. Nd2 Qb8 19. Nxe4 Qb7 20. Qa1 Rb4 21. Nxd6 cxd6 22. Bxd6 Rxc4 23. Bxf8 Nxf8 24. Ra7 Qd5 25. Qa3 Qd8 26. Qb3 Rc8 27. Qb7 Bf6 28. Qf7+ Kh8 29. Rb1 Qe8 30. Qxf6+ 1-0

[Event "*** Titled Tuesday Blitz"]
[Site "Chess.com"]
[Date "2020.11.24"]
[Round "8"]
[White "ljuks68"]
[Black "PawnEatingZombie"]
[Result "1-0"]
[WhiteElo "2401"]
[BlackElo "2265"]
[TimeControl "180+1"]
[EndTime "11:45:20 PST"]
[Termination "ljuks68 won by resignation"]

1. e4 c6 2. d4 d5 3. e5 Bf5 4. Nd2 e6 5. Nb3 Ne7 6. Nf3 Nc8 7. Be2 a5 8. a4 Be7 9. O-O O-O 10. Bd2 Nd7 11. Bd3 Bxd3 12. cxd3 Qb6 13. Bc3 Bb4 14. Re1 Ne7 15. Nbd2 c5 16. dxc5 Nxc5 17. Nf1 Nf5 18.
Ne3 d4 19. Nc4 Qc7 20. Bxb4 axb4 21. a5 h5 22. Qd2 Rfd8 23. Rad1 Qe7 24. Qxb4 Na6 25.
Qd2 Qb4 26. Qf4 Nc5 27. Qg5 Qxb2 28. Nxb2 1-0

[Event "*** Titled Tuesday Blitz"]
[Site "Chess.com"]
[Date "2020.11.24"]
[Round "8"]
[White "Julianos82"]
[Black "PlotnikovPavel"]
[Result "1-0"]
[WhiteElo "2349"]
[BlackElo "2470"]
[TimeControl "180+1"]
[EndTime "11:45:23 PST"]
[Termination "Julianos82 won by checkmate"]

1. d4 Nf6 2. Nf3 g6 3. c4 Bg7 4. Nc3 O-O 5. e4 d6 6. Be2 e5 7.
Be3 Nc6 8. d5 Ne7 9. Nd2 Ne8 10. c5 f5 11. f3 f4 12. Bf2 g5 13.
h3 h5 14. Nc4 Ng6 15. b4 Rf7 16.
Qb3 Bf8 17. a4 Nf6 18. a5 g4 19. hxg4 hxg4 20. O-O-O g3 21. Bg1 Nd7 22. c6 Nb8 23. b5 bxc6 24. dxc6 Be6 25. Nd5 Nh4 26. Rxh4 Qxh4 27.
a6 Bxd5 28. Rxd5 Qh1 29. Rd1 Qxg2 30. Nxe5 dxe5 31. Bc4 Bd6 32. Bxf7+ Kg7 33. Be8 Nxa6 34. Qf7+ Kh8 35. Qf6+ Kg8 36. Bf7+ Kf8 37. Be6+ Ke8 38. Qf7+ Kd8 39. Qd7# 1-0

[Event "*** Titled Tuesday Blitz"]
[Site "Chess.com"]
[Date "2020.11.24"]
[Round "8"]
[White "FMJoseHerrera"]
[Black "Sergey85Rodchenkov"]
[Result "1-0"]
[WhiteElo "2588"]
[BlackElo "2451"]
[TimeControl "180+1"]
[EndTime "11:45:25 PST"]
[Termination "FMJoseHerrera won by resignation"]

1. Nf3 Nf6 2. g3 b5 3. Bg2 Bb7 4. d3 d5 5. O-O e6 6. c3 c5 7. Qb3 Qb6 8. a4 a6 9. Na3 b4 10. cxb4 cxb4 11. Nc2 a5 12. Be3 Qd8 13. Ncd4 Nbd7 14. Nb5 Be7 15. Rac1 O-O 16. Bf4 Nc5 17. Qa2 Rc8 18. b3 h6 19. Qb2 Qb6 20. Be3 Nfd7 21. Nd2 Ba6 22. d4 Nb7 23. Rxc8 Rxc8 24. Rc1 Rc6 25. Nc4 dxc4 26. Bxc6 Qxc6 27. Rxc4 Qd5 28.
Rc8+ Nf8 29. Nc7 Qd7 30. Rxf8+ Bxf8 31. Nxa6 Qc6 32. Nc5 Nxc5 33. dxc5 Qd5 34. Qc2 f5 35. c6 1-0

[Event "*** Titled Tuesday Blitz"]
[Site "Chess.com"]
[Date "2020.11.24"]
[Round "8"]
[White "woodhy"]
[Black "OMGCovid-19"]
[Result "1-0"]
[WhiteElo "2449"]
[BlackElo "1875"]
[TimeControl "180+1"]
[EndTime "11:45:25 PST"]
[Termination "woodhy won by resignation"]

1. e4 e6 2. Nf3 d5 3. Nc3 Nf6 4. exd5 exd5 5. g3 Bg4 6. Bg2 Be7 7. O-O O-O 8. Re1 c5 9. d4 Nc6 10. Be3 cxd4 11. Bxd4 Nxd4 12. Qxd4 Rc8 13. Rad1 Bc5 14. Qf4 Bd6 15. Qg5 h6 16. Qh4 Be6 17. Nd4 Bg4 18. Nxd5 Bxd1 19. Nxf6+ Qxf6 20. Qxf6 gxf6 21. Rxd1 b6 22.
Nf5 Bc5 23. Nxh6+ Kh7 24. Ng4 Rcd8 25. Nxf6+ Kg7 26. Nd5 Rfe8 27. Kf1 Re5 28. h4 f5 29. Bf3 a5 30. a4 b5 31. axb5 Rb8 32. c4 a4 33. Ra1 a3 34. bxa3 Rc8 35. Nf4 Bd4 36. Rc1 Bb2 37. Rc2 Bxa3 38. Bd5 Bd6 39. Ne6+ Kf6 40.
Nd4 Bc5 41. Nf3 Re7 42. Ng5 Ra7 43. Ne6 Ra1+ 44. Kg2 Rb8 45. Nxc5 Rc8 1-0

[Event "*** Titled Tuesday Blitz"]
[Site "Chess.com"]
[Date "2020.11.24"]
[Round "8"]
[White "Akhayan"]
[Black "sboshaon21"]
[Result "1-0"]
[WhiteElo "2263"]
[BlackElo "2089"]
[TimeControl "180+1"]
[EndTime "11:45:26 PST"]
[Termination "Akhayan won by checkmate"]

1. d4 d5 2. c4 c6 3. Nf3 Nf6 4. e3 e6 5. Nc3 Nbd7 6. Qc2 Bd6 7. g4 Nxg4 8. Rg1 Nxh2 9. Nxh2 Bxh2 10. Rxg7 Nf6 11. Rg2 Bd6 12. e4 dxe4 13. Nxe4 Nxe4 14. Qxe4 Qa5+ 15. Bd2 Bb4 16. Qc2 Bd7 17. a3 Bxd2+ 18. Qxd2 Qxd2+ 19. Kxd2 c5 20. dxc5 Bc6 21. Rh2 O-O-O+ 22. Kc3 Be4 23. Re1 Bg6 24. b4 Rd7 25. Be2 Rhd8 26.
Rh4 Rd2 27. b5 Rc2+ 28. Kb4 Rdd2 29. Bd1 Rc1 30. Rhh1 Rb2+ 31. Bb3 Rxe1 32. Rxe1 Rxf2 33. b6 a6 34. c6 bxc6 35. Rd1 Rf5 36. c5 a5+ 37.
Kxa5 Rxc5+ 38. Ka6 Rb5 39. Bc4 Rb2 40. Ka7 h5 41.
Ba6# 1-0

[Event "*** Titled Tuesday Blitz"]
[Site "Chess.com"]
[Date "2020.11.24"]
[Round "8"]
[White "1977Ivan"]
[Black "ChessWarrior7197"]
[Result "0-1"]
[WhiteElo "2687"]
[BlackElo "2989"]
[TimeControl "180+1"]
[EndTime "11:45:27 PST"]
[Termination "ChessWarrior7197 won by resignation"]

1. d4 d5 2. c4 c6 3. Nf3 Nf6 4. Nc3 a6 5. cxd5 cxd5 6. Bg5 Nc6 7. Bxf6 gxf6 8. e3 Bg4 9. Rc1 e6 10. Bd3 Bd6 11. h3 Bh5 12. g4 Bg6 13. h4 Rg8 14. h5 Bxd3 15. Qxd3 Rxg4 16. Qxh7 Qb6 17. Rc2 Ke7 18. Nh4 Rag8 19. Ng6+ R4xg6 20. hxg6 Rxg6 21. Qh8 f5 22. Rh6 Rxh6 23. Qxh6 Qa5 24. Qg5+ Kd7 25. Qf6 Ke8 26. Kf1 f4 27. exf4 Qb4 28. Qh8+ Kd7 29. Rd2 Bxf4 30. Re2 Nxd4 31. Re1 Nf3 32. Re2 Qc4 33.
Qf6 Ke8 34. Kg2 Ng5 35. b3 Qd3 36. Qxf4 Qh3+ 37. Kg1 Nf3+ 38. Qxf3 Qxf3 39. Re3 Qg4+ 40. Rg3 Qf5 41. Kg2 d4 42. Ne2 Qe4+ 43. Kf1 d3 44.
Nc3 Qh1+ 45. Rg1 Qc6 46. Nd1 Qf3 47. Ne3 d2 48. Rg8+ Ke7 0-1

[Event "*** Titled Tuesday Blitz"]
[Site "Chess.com"]
[Date "2020.11.24"]
[Round "8"]
[White "Piotrek1979"]
[Black "alexrustemov"]
[Result "0-1"]
[WhiteElo "2507"]
[BlackElo "2645"]
[TimeControl "180+1"]
[EndTime "11:45:27 PST"]
[Termination "alexrustemov won on time"]

1. e4 e6 2. d4 d5 3. Nd2 c5 4.
exd5 Qxd5 5. Ngf3 cxd4 6. Bc4 Qd7 7. O-O Nf6 8. Nb3 Nc6 9. Nbxd4 Nxd4 10. Nxd4 a6 11. c3 Qc7 12. h3 Qxc4 13. Re1 Be7 14. Qf3 O-O 15. Bf4 Qd5 16. Qe2 b5 17. Rad1 Bb7 18.
f3 Qxa2 19. Kh1 Qc4 20. Qf2 Rfd8 21. Rc1 Rac8 22. Be5 Rd5 23. b3 Qc5 24. b4 Qc4 25. Qg3 Qd3 26. Qf2 Rxc3 27. Rxc3 Qxc3 28. Nf5 Rxe5 29.
Nxe7+ Kf8 30. Rd1 Kxe7 31. Qb6 Qc8 32. Qd6+ Ke8 33. Qxe5 Bd5 34. Qg5 Kf8 35. Rc1 Qd7 36. Qf4 Ne8 37. Qe5 f6 38. Qd4 Qd6 39. Qa7 Bc4 40. Qe3 Qxb4 41. Rd1 Bd5 42. Rc1 Qd6 43. Rc8 Bb7 0-1

[Event "*** Titled Tuesday Blitz"]
[Site "Chess.com"]
[Date "2020.11.24"]
[Round "8"]
[White "Campelov"]
[Black "Qvalda"]
[Result "1-0"]
[WhiteElo "2204"]
[BlackElo "2385"]
[TimeControl "180+1"]
[EndTime "11:45:27 PST"]
[Termination "Campelov won on time"]

1. e4 c6 2. d4 d5 3. Nd2 dxe4 4. Nxe4 Bf5 5. Ng3 Bg6 6. h4 h6 7. Nf3 Nd7 8. h5 Bh7 9. Bd3 Bxd3 10. Qxd3 e6 11. Bd2 Qc7 12. O-O-O Ngf6 13. Kb1 O-O-O 14.
Ne4 Nxe4 15. Qxe4 Nf6 16. Qe2 Bd6 17. g3 Rd7 18. c4 c5 19. Bc3 cxd4 20. Nxd4 a6 21.
Rc1 Kb8 22. a3 Rhd8 23. b4 Be5 24. Nf3 Bxc3 25. Rxc3 Qc6 26. Rh4 Rd1+ 27. Kb2 Qa4 28. c5 Ka7 29. c6 bxc6 30. Rhc4 Nd5 31. Rc2 Rh1 32. Rxc6 Nxb4 33. Qe3+ Ka8 34. axb4 Qa1+ 35. Kb3 Rb1+ 36. Kc4 Qa2+ 37. Rxa2 1-0

[Event "*** Titled Tuesday Blitz"]
[Site "Chess.com"]
[Date "2020.11.24"]
[Round "8"]
[White "verdest"]
[Black "sasko1234"]
[Result "1-0"]
[WhiteElo "2629"]
[BlackElo "2472"]
[TimeControl "180+1"]
[EndTime "11:45:28 PST"]
[Termination "verdest won by resignation"]

1. e4 c6 2. Nf3 Na6 3. Bxa6 bxa6 4. O-O d5 5. d3 Nf6 6. Nc3 e6 7. b3 Be7 8. Bb2 O-O 9. Qe2 a5 10. a4 Rb8 11. Rfd1 d4 12. Nb1 c5 13. Nbd2 Ba6 14. Ba3 Qc7 15. Rab1 e5 16. Nc4 Bxc4 17. bxc4 Nd7 18.
Qd2 h6 19. Rb5 Bd8 20. Rdb1 a6 21. Rxb8 Nxb8 22. Bxc5 Qxc5 23. Rxb8 Bf6 24. Rxf8+ Kxf8 25. g3 Kg8 26. Kg2 Bd8 27. c3 dxc3 28. Qxc3 f6 29.
d4 exd4 30. Qxd4 Qe7 31. Qd5+ Kh8 32. e5 Bc7 33. e6 Bd6 34. Nd4 g6 35. Nc6 Qc7 36. c5 Be7 37. Qd7 1-0

[Event "*** Titled Tuesday Blitz"]
[Site "Chess.com"]
[Date "2020.11.24"]
[Round "8"]
[White "DenisQ"]
[Black "Gogolev_Artemy"]
[Result "1-0"]
[WhiteElo "2681"]
[BlackElo "2482"]
[TimeControl "180+1"]
[EndTime "11:45:31 PST"]
[Termination "DenisQ won by resignation"]

1. Nf3 Nf6 2. c4 c5 3. Nc3 Nc6 4. g3 d5 5. d4 cxd4 6. Nxd4 e6 7. Bg2 Be7 8. O-O O-O 9. cxd5 Nxd5 10. Nxd5 exd5 11.
Be3 Nxd4 12. Bxd4 Be6 13. Rc1 Qa5 14. Qb3 Qa6 15. Bxd5 Bxd5 16. Qxd5 Rad8 17. Qc4 b5 18. Qc3 f6 19. Qb3+ Kh8 20. Rfd1 Rfe8 21. a3 Bd6 22. e3 Be5 23. Bxe5 fxe5 24. Rxd8 Rxd8 25. Rc5 e4 26. Rxb5 h6 27. Rb8 Rxb8 28. Qxb8+ Kh7 29.
Qe5 Qd3 30. Kg2 Kg6 31. h4 Kh7 32. h5 a6 33. a4 Kg8 34. b4 Qc4 35. b5 Qxa4 36.
Qe6+ Kh7 37. bxa6 Kh8 38. Qc8+ Kh7 39. Qb7 Qa5 40. Qxe4+ Kh8 41. Qa8+ Kh7 42. a7 Qf5 43. Qf3 1-0

[Event "*** Titled Tuesday Blitz"]
[Site "Chess.com"]
[Date "2020.11.24"]
[Round "8"]
[White "Morshynska"]
[Black "TheKingDoctor"]
[Result "1-0"]
[WhiteElo "2260"]
[BlackElo "2097"]
[TimeControl "180+1"]
[EndTime "11:45:31 PST"]
[Termination "Morshynska won on time"]

1. Nf3 Nf6 2. g3 g6 3. Bg2 Bg7 4. O-O O-O 5. d4 d6 6. b3 c6 7.
Bb2 Bf5 8. c4 Ne4 9. Nh4 d5 10.
Nxf5 gxf5 11. e3 e6 12. Nc3 Nd7 13. Ne2 Ndf6 14. f3 Nd6 15. Qd3 Qa5 16. Nf4 Qa6 17.
Rfc1 Rac8 18. h3 Kh8 19. g4 Rg8 20. Kf2 Bh6 21. c5 Bxf4 22. Qxa6 bxa6 23. exf4 Nb5 24.
Bf1 Rge8 25. Bd3 fxg4 26. hxg4 Kg7 27. Rh1 h6 28. g5 hxg5 29. fxg5 Ng8 30. Rh7+ Kf8 31.
Rah1 Nc7 32. Bc3 Nb5 33. Bb2 Nc7 34. Rh8 Ke7 35. R1h7 Rf8 36. g6 Nb5 37. a4 1-0

[Event "*** Titled Tuesday Blitz"]
[Site "Chess.com"]
[Date "2020.11.24"]
[Round "8"]
[White "BogdanDeac"]
[Black "Azerichess"]
[Result "1-0"]
[WhiteElo "2919"]
[BlackElo "2957"]
[TimeControl "180+1"]
[EndTime "11:45:32 PST"]
[Termination "BogdanDeac won by resignation"]

1. Nf3 d5 2. e3 Nf6 3. c4 dxc4 4. Bxc4 e6 5. d4 c5 6. Nc3 a6 7. O-O Be7 8. dxc5 Bxc5 9. Qxd8+ Kxd8 10. Ng5 Ke8 11.
Nge4 Nxe4 12. Nxe4 Be7 13. b3 b5 14. Be2 Bb7 15. Bf3 f5 16. Nd6+ Bxd6 17. Bxb7 Ra7 18.
Bf3 Nd7 19. Rd1 Ke7 20. Bb2 Nf6 21. Rac1 Rd8 22. Rc6 a5 23. g3 e5 24. Be2 b4 25.
f4 exf4 26. gxf4 Rc7 27. Rdxd6 Rxc6 28. Rxc6 Rd2 29. Bxf6+ gxf6 30. Bc4 Rxa2 31. Re6+ Kd7 32. Rxf6 Rc2 33. Rxf5 Ra2 34. Rf7+ Kd6 35. Rxh7 Kc5 36.
Rc7+ Kb6 37. Re7 Rc2 38. Re6+ Kc7 39. Bd5 Rc5 40. e4 1-0

[Event "*** Titled Tuesday Blitz"]
[Site "Chess.com"]
[Date "2020.11.24"]
[Round "8"]
[White "Grieve72"]
[Black "sergeikim"]
[Result "1-0"]
[WhiteElo "2427"]
[BlackElo "2519"]
[TimeControl "180+1"]
[EndTime "11:45:32 PST"]
[Termination "Grieve72 won by resignation"]

1. d4 Nf6 2. Bg5 g6 3. Bxf6 exf6 4. e3 h5 5. c4 h4 6. Nc3 d6 7. Bd3 f5 8. Nge2 Nd7 9. b4 c6 10. a4 Nf6 11. b5 Bh6 12. a5 a6 13. bxc6 bxc6 14.
Qa4 Bd7 15. Qa3 Qe7 16. Na4 h3 17. g3 O-O 18. Nb6 Ra7 19. Nf4 Bxf4 20. gxf4 c5 21. d5 Be8 22. Qb2 Rb7 23. Rg1 Ne4 24. Ke2 Kh7 25.
f3 Nf6 26. Rg3 Rh8 27. Rxh3+ Nh5 28. Rxh5+ gxh5 29. Bxf5+ Kg8 30. Rg1+ 1-0

[Event "*** Titled Tuesday Blitz"]
[Site "Chess.com"]
[Date "2020.11.24"]
[Round "8"]
[White "kai_nov"]
[Black "CakeinSpace2002"]
[Result "1-0"]
[WhiteElo "2332"]
[BlackElo "2374"]
[TimeControl "180+1"]
[EndTime "11:45:32 PST"]
[Termination "kai_nov won by resignation"]

1. d4 Nf6 2. c4 g6 3. f3 Bg7 4. e4 O-O 5. Nc3 d6 6. Bg5 c5 7. d5 h6 8. Be3 e6 9. Qd2 Kh7 10. a4 exd5 11. cxd5 Na6 12. Bc4 Nb4 13. Nge2 Nd7 14.
f4 Nf6 15. h3 Re8 16. Ng3 h5 17. e5 dxe5 18. O-O b6 19. f5 h4 20. fxg6+ fxg6 21. Nge4 Bf5 22. Bg5 Bxe4 23. Bxf6 Bxf6 24. Nxe4 Rf8 25.
Rf3 Be7 26. Raf1 Rf4 27. d6 Bg5 28. Nxg5+ Qxg5 29. Rxf4 exf4 30. Rxf4 Qe5 31. Rf7+ 1-0

[Event "*** Titled Tuesday Blitz"]
[Site "Chess.com"]
[Date "2020.11.24"]
[Round "8"]
[White "machupichu10"]
[Black "maximnovik"]
[Result "1-0"]
[WhiteElo "2763"]
[BlackElo "2542"]
[TimeControl "180+1"]
[EndTime "11:45:33 PST"]
[Termination "machupichu10 won by resignation"]

1. d4 Nf6 2. Nf3 g6 3. Bf4 Bg7 4. h3 O-O 5. e3 c5 6. c3 d6 7. Nbd2 cxd4 8. exd4 e5 9. dxe5 dxe5 10. Bxe5 Nc6 11.
Bxf6 Bxf6 12. Be2 Qb6 13. Qb3 Re8 14. Qxb6 axb6 15. Kf1 Be6 16. a3 Rad8 17. Re1 Ne5 18. Bb5 Re7 19. Ne4 Nxf3 20. Nxf6+ Kg7 21. Nh5+ gxh5 22.
gxf3 Rd2 23. Re2 Rd5 24. a4 Rxb5 25. Rxe6 Rxe6 26. axb5 Kf6 27. Rg1 Re5 28. c4 Rf5 29.
Ke2 Rf4 30. b3 Rh4 31. Rg3 Rd4 32. Rg8 Rd7 33. Ke3 Kf5 34. f4 Re7+ 35. Kf3 Re4 36. Rg5+ 1-0

[Event "*** Titled Tuesday Blitz"]
[Site "Chess.com"]
[Date "2020.11.24"]
[Round "8"]
[White "Zarikovs1999"]
[Black "rududuyk"]
[Result "1-0"]
[WhiteElo "2386"]
[BlackElo "2185"]
[TimeControl "180+1"]
[EndTime "11:45:35 PST"]
[Termination "Zarikovs1999 won by resignation"]

1. e4 e6 2. d4 d5 3. Nc3 Bb4 4. e5 c5 5. a3 Bxc3+ 6. bxc3 Ne7 7.
Qg4 cxd4 8. Qxg7 Rg8 9. Qxh7 Qc7 10. Ne2 Nbc6 11. f4 dxc3 12. h4 Bd7 13. h5 O-O-O 14. Qd3 Nf5 15. Rb1 d4 16. Rg1 Rg4 17. g3 Nxe5 18.
fxe5 Qxe5 19. Bg2 Bc6 20. Bxc6 bxc6 21. Qa6+ Kd7 22. Rb7+ Kd6 23. Bf4 Rxf4 24. gxf4 Qe3 25. Qd3 c5 26. Qxe3 Nxe3 27. h6 Nxc2+ 28. Kd1 Ne3+ 29.
Kc1 Rh8 30. Rh1 c2 31. h7 d3 32. Nc3 Nd5 33. Ne4+ Kc6 34. Rxf7 c4 35. Rg7 c3 36. Rg8 Rxh7 37. Rxh7 Ne3 38. Nxc3 Nc4 39. Rc8+ Kd6 40. Rxc4 1-0

[Event "*** Titled Tuesday Blitz"]
[Site "Chess.com"]
[Date "2020.11.24"]
[Round "8"]
[White "azikom"]
[Black "Sharpchess22"]
[Result "0-1"]
[WhiteElo "2606"]
[BlackElo "2817"]
[TimeControl "180+1"]
[EndTime "11:45:36 PST"]
[Termination "Sharpchess22 won on time"]

1. d4 Nf6 2. Nf3 e6 3. c4 d5 4.
Nc3 Bb4 5. Qa4+ Nc6 6. e3 O-O 7.
Bd2 dxc4 8. Bxc4 a6 9. Qc2 Bd6 10. Ne4 Nxe4 11. Qxe4 Bd7 12. Rd1 b5 13. Be2 Qe7 14.
Bc3 b4 15. Bd2 Rab8 16. Rc1 f5 17. Qh4 a5 18. Qxe7 Nxe7 19. O-O Bc6 20. Bc4 Bd5 21. Rfd1 Bxc4 22. Rxc4 h6 23. Kf1 Rfd8 24. Re1 Kf7 25. g3 Rb5 26. h4 Nd5 27. e4 fxe4 28. Rxe4 Nf6 29. Re1 Rf5 30. Kg2 Rd7 31. Bc1 Rb5 32.
Bd2 a4 33. Rec1 a3 34. b3 Nd5 35. Re1 Re7 36. Re4 Ke8 37. Re1 Kd7 38. Rec1 Rb6 39.
Re1 Rc6 40. Rec1 Rb6 41. Re1 Rf7 42. Rec1 Rb8 43. Re1 Rbf8 0-1

[Event "*** Titled Tuesday Blitz"]
[Site "Chess.com"]
[Date "2020.11.24"]
[Round "8"]
[White "J36225"]
[Black "MatyChess1"]
[Result "1-0"]
[WhiteElo "2508"]
[BlackElo "2580"]
[TimeControl "180+1"]
[EndTime "11:45:36 PST"]
[Termination "J36225 won by checkmate"]

1. c4 e5 2. Nc3 Nc6 3. Nf3 Nf6 4.
e4 Bb4 5. g3 d6 6. d3 a6 7. Bg2 Bg4 8. h3 Bxf3 9. Bxf3 O-O 10.
O-O Nd7 11. Nd5 Bc5 12. a3 Nd4 13. b4 Ba7 14. Bg2 f5 15. exf5 Nxf5 16. Ne3 Nxe3 17. Bxe3 Bxe3 18. fxe3 Qg5 19. Kh2 c6 20. Qe2 Nf6 21.
Rf3 Rf7 22. Raf1 Raf8 23. Rf5 Qg6 24. g4 h6 25. a4 e4 26. Bxe4 Nxe4 27. dxe4 Qe6 28.
Qd3 Rxf5 29. Rxf5 Re8 30. Rf4 Qe5 31. Kg2 Qb2+ 32. Rf2 Qxb4 33. Qd4 Qc5 34. Qxc5 dxc5 35. Rb2 Re7 36. Kf3 Kf7 37. a5 Ke6 38. Rd2 Ke5 39.
Rd8 Rf7+ 40. Ke2 Kxe4 41. Re8+ Re7 42. Rxe7# 1-0

[Event "*** Titled Tuesday Blitz"]
[Site "Chess.com"]
[Date "2020.11.24"]
[Round "8"]
[White "Fh2411"]
[Black "kingofthenil"]
[Result "0-1"]
[WhiteElo "2558"]
[BlackElo "2773"]
[TimeControl "180+1"]
[EndTime "11:45:37 PST"]
[Termination "kingofthenil won on time"]

1. d4 Nf6 2. Nf3 c5 3. d5 g6 4. c4 e6 5. Nc3 exd5 6. cxd5 Bg7 7. Bf4 O-O 8. e3 d6 9. h3 Na6 10. Bc4 Nc7 11. a4 b6 12. O-O a6 13. Qd3 Rb8 14. Ra2 Re8 15. Nd2 Qd7 16. Nde4 Nxe4 17. Nxe4 b5 18.
axb5 axb5 19. Nxd6 bxc4 20. Qxc4 Rd8 21. Ra7 g5 22.
Bg3 Ra8 23. Rfa1 Rxa7 24. Rxa7 Bf8 25. Ne4 Qb5 26. Nf6+ Kg7 27. Qc3 Qb4 0-1

[Event "*** Titled Tuesday Blitz"]
[Site "Chess.com"]
[Date "2020.11.24"]
[Round "8"]
[White "GregShahade"]
[Black "Fortitudine"]
[Result "1-0"]
[WhiteElo "2700"]
[BlackElo "2359"]
[TimeControl "180+1"]
[EndTime "11:45:37 PST"]
[Termination "GregShahade won on time"]

1. e4 c5 2. Nf3 d6 3. d4 cxd4 4. Nxd4 Nf6 5. Nc3 Nc6 6. f3 e5 7. Nb3 a5 8. Bb5 Be7 9. Be3 O-O 10. Qd2 Be6 11. Nd5 Bxd5 12. exd5 Na7 13. Be2 a4 14.
Na5 Nc8 15. Nc4 b5 16. Na3 b4 17. Nc4 Rb8 18. O-O Qc7 19. Rad1 Nd7 20. f4 Bf6 21.
Kh1 Re8 22. b3 axb3 23. axb3 Nc5 24. fxe5 Bxe5 25. Nxe5 Rxe5 26. Bd4 Re7 27. Qg5 g6 28. Qf6 Re5 29. Bxe5 dxe5 30. d6 Qd7 31. Bc4 Ne6 32.
Qxe5 Nb6 33. Rxf7 Kxf7 34. Rf1+ 1-0

[Event "*** Titled Tuesday Blitz"]
[Site "Chess.com"]
[Date "2020.11.24"]
[Round "8"]
[White "Marina_Chess_Rus"]
[Black "Unknown_IM"]
[Result "1/2-1/2"]
[WhiteElo "2294"]
[BlackElo "2380"]
[TimeControl "180+1"]
[EndTime "11:45:37 PST"]
[Termination "Game drawn - insufficient material"]

1. d4 d5 2. Nf3 c6 3. g3 Nf6 4.
Bg2 g6 5. O-O Bg7 6. c4 O-O 7.
Nc3 Be6 8. cxd5 cxd5 9. Bf4 Nc6 10. Rc1 Rc8 11. Na4 Ne4 12. Nc5 Nxc5 13. Rxc5 Qb6 14. e3 Qxb2 15. Qa4 Qb4 16. Qxb4 Nxb4 17. Rb5 Nxa2 18. Rxb7 a5 19. Rxe7 Nc3 20. Ra7 Ra8 21.
Rxa8 Rxa8 22. Ra1 Ne2+ 23. Kf1 Nxf4 24. gxf4 a4 25. Nd2 a3 26. Ra2 Bf8 27. Ke2 Bb4 28. Kd1 Ra5 29. Nb3 Ra6 30. Na1 Bf5 31. Nc2 Bd6 32. Bxd5 Ra5 33. Bc4 h6 34. Kd2 g5 35.
fxg5 hxg5 36. Kc3 Bxc2 37. Kxc2 Bxh2 38. Kb3 Bd6 39. f4 gxf4 40. exf4 Bxf4 41. Rxa3 Rxa3+ 42. Kxa3 Be3 43. Bxf7+ Kxf7 44. Kb4 Ke6 45. Kc4 Bf4 46. Kd3 Bd6 47. Ke4 Ke7 48. d5 Kd7 49. Kd4 Ke7 50.
Kc4 Kf6 51. Kd4 Kf5 52. Kc4 Ke4 53. Kb5 Kxd5 1/2-1/2

[Event "*** Titled Tuesday Blitz"]
[Site "Chess.com"]
[Date "2020.11.24"]
[Round "8"]
[White "mr65"]
[Black "frequentblunders"]
[Result "0-1"]
[WhiteElo "2185"]
[BlackElo "2059"]
[TimeControl "180+1"]
[EndTime "11:45:37 PST"]
[Termination "frequentblunders won on time"]

1. e4 e6 2. d4 d5 3. Nc3 Bb4 4. e5 c5 5. a3 Bxc3+ 6. bxc3 Ne7 7. Nf3 Nbc6 8. a4 Bd7 9. Bd3 Qa5 10. Bd2 c4 11. Be2 O-O-O 12. O-O h5 13. Ng5 Rdf8 14. f4 g6 15. g3 Nf5 16. Nf3 Nce7 17. Qe1 Bxa4 18.
Qb1 b5 19. Qb2 Nc6 20. Qa3 Qc7 21. Rfb1 a6 22. Rb2 Qe7 23. Qxe7 Ncxe7 24. Ng5 Nc6 25. Kf2 Kc7 26. Rba2 a5 27. Bc1 Nh6 28. h3 Ra8 29.
Ba3 Kd7 0-1

[Event "*** Titled Tuesday Blitz"]
[Site "Chess.com"]
[Date "2020.11.24"]
[Round "8"]
[White "ChainsOfFantasia"]
[Black "Geller_Jakov"]
[Result "0-1"]
[WhiteElo "2477"]
[BlackElo "2631"]
[TimeControl "180+1"]
[EndTime "11:45:38 PST"]
[Termination "Geller_Jakov won by resignation"]

1. d4 Nf6 2. Nf3 d5 3. c4 e6 4. g3 dxc4 5. Bg2 c6 6. O-O b5 7. b3 cxb3 8. axb3 Bb7 9. Qc2 Nbd7 10. Rd1 c5 11. dxc5 Bxc5 12. Ne5 Bxg2 13. Kxg2 Qc8 14. Nxd7 Nxd7 15. Qd3 Qc6+ 16. f3 Rd8 17. Qc3 Qc7 18. Qxg7 Qe5 19. Qxe5 Nxe5 20. Rxd8+ Kxd8 21.
Bb2 f6 22. Ra5 Kc7 23. Rxb5 Kc6 24. Ra5 Rd8 25. Bxe5 fxe5 26. Ra6+ Bb6 27. Ra2 Kc5 28. Ra4 Rd4 29. Ra2 Kb4 30. Rb2 Rd1 31. h4 Bd4 32.
Ra2 Rxb1 0-1

[Event "*** Titled Tuesday Blitz"]
[Site "Chess.com"]
[Date "2020.11.24"]
[Round "8"]
[White "Savagelittlemole"]
[Black "Kopytkin"]
[Result "1-0"]
[WhiteElo "2565"]
[BlackElo "2430"]
[TimeControl "180+1"]
[EndTime "11:45:39 PST"]
[Termination "Savagelittlemole won by resignation"]

1. e4 Nf6 2. Nc3 d5 3. e5 Ne4 4. Nxe4 dxe4 5. d3 exd3 6. Bxd3 Nc6 7. Bf4 Qd4 8. Ne2 Qxb2 9. O-O e6 10. Rb1 Qxa2 11.
Nc3 Qa5 12. Nb5 a6 13. Bd2 Bb4 14. Ra1 Qb6 15. Be3 Bc5 16. Bxc5 Qxc5 17. Nxc7+ Ke7 18. Nxa8 Nxe5 19. Rb1 b5 20. Be4 Bd7 21. Ra1 f5 22. Bf3 Nxf3+ 23. Qxf3 Bc6 24. Qg3 Rxa8 25. Qxg7+ Ke8 26.
Rad1 Qe7 27. Qg8+ Qf8 28. Qxe6+ Qe7 29. Qxc6+ 1-0

[Event "*** Titled Tuesday Blitz"]
[Site "Chess.com"]
[Date "2020.11.24"]
[Round "8"]
[White "kakorrhaphiophobie"]
[Black "CzechmVIII"]
[Result "0-1"]
[WhiteElo "2292"]
[BlackElo "2144"]
[TimeControl "180+1"]
[EndTime "11:45:40 PST"]
[Termination "CzechmVIII won by resignation"]

1. e4 c5 2. d4 cxd4 3. c3 dxc3 4. Nxc3 Nc6 5. Nf3 d6 6. Bc4 a6 7. O-O Nf6 8. Qe2 Bg4 9. Rd1 e6 10. h3 Bxf3 11. Qxf3 Be7 12. Bf4 Qb8 13. g4 Ne5 14. Qe2 g6 15. Bb3 O-O 16. Bg3 b5 17. Kh2 b4 18.
Nb1 Qb7 19. Nd2 Rac8 20. f4 Nc6 21. Nf3 Na5 22. Bc2 d5 23. exd5 Nxd5 24. f5 Rxc2 25. Qxc2 Ne3 26. Qe2 Nxd1 27. Rxd1 exf5 28. gxf5 Bf6 29.
Rd6 Bg7 30. f6 Bh8 31. Rxa6 Nc4 32. Qxc4 Qxf3 33. Qf4 Qe2+ 34. Qf2 Qxa6 0-1